 Dungeon Crawl Stone Soup version 0.28-a0-1084-ga282ea246d (webtiles) character file.

Game seed: 9031601861183743127

34114 ChaosChampion the Agent of Entropy (level 13, -8/108 HPs)
             Began as a Demonspawn Abyssal Knight on Dec 10, 2021.
             Was a Priest of Lugonu.
             Mangled by a +6 flail of holy wrath (10 damage)
             ... on level 1 of the Elven Halls.
             The game lasted 01:16:05 (24201 turns).

ChaosChampion the Agent of Entropy (DsAK)          Turns: 24201, Time: 01:16:06

Health: -8/108     AC: 23    Str: 22    XL:     13   Next: 40%
Magic:  13/13      EV: 13    Int: 11    God:    Lugonu [***...]
Gold:   1455       SH: 14    Dex: 15    Spells: 12/12 levels left

rFire   + . .      SeeInvis .   G - +6 flail
rCold   + + +      Faith    .   V - +2 kite shield {AC+3}
rNeg    + . .      Spirit   .   j - +2 leather armour {Will+}
rPois   +          Reflect  +   S - +2 hat of the End {-Cast rC+ rN+}
rElec   +          Harm     .   T - scarf {repulsion}
rCorr   .          Rampage  .   C - +5 pair of gloves of Narcissism {rElec Will- MP-9 Stlth+}
Will    .....      NoCast   +   (no boots)
Stlth   ++........              e - amulet of Ashenzari's Respect {Reflect Regen+ SH+5}
HPRegen 1.08/turn               M - ring "Rausm" {Drain rElec rPois rF+ rC++}
MPRegen 0.13/turn               x - +6 ring of strength

@: sanguine armoured, invisible, repel missiles
A: demonic guardian 1, spiny 1, sanguine armour 1, weakness stinger 2, mutation
resistance 1, screaming 1, weak 1
a: Renounce Religion, Depart the Abyss, Bend Space, Banish


You were on level 1 of the Elven Halls.
You worshipped Lugonu.
Lugonu was most pleased with you.
You visited 4 branches of the dungeon, and saw 19 of its levels.
You visited the Abyss 1 time.
You also visited: Sewer, Bailey, Gauntlet and Ice Cave.

You collected 2089 gold pieces.
You spent 634 gold pieces at shops.

Inventory:

Hand Weapons
 h - a +4 arbalest of freezing
 G - a +6 flail (weapon)
Missiles
 a - 64 boomerangs (quivered)
 o - 76 poisoned darts
 w - 4 atropa-tipped darts
 I - 6 silver boomerangs
Armour
 j - a +2 leather armour of willpower (worn)
 C - the +5 pair of gloves of Narcissism (worn) {rElec Will- MP-9 Stlth+}
   (You found it in a Gauntlet)

   rElec:     It insulates you from electricity.
   MP:        It affects your magic capacity (-9).
   Will:      It decreases your willpower.
   Stlth:     It makes you more stealthy.
 S - the +2 hat of the End (worn) {-Cast rC+ rN+}
   (You found it in a Gauntlet)

   rC:        It protects you from cold.
   rN:        It protects you from negative energy.
   -Cast:     It prevents spellcasting.
 T - a scarf of repulsion (worn)
 V - a +2 kite shield of protection (worn)
Magical Staves
 Q - a staff of fire
Jewellery
 b - a ring of willpower
 e - the amulet of Ashenzari's Respect (around neck) {Reflect Regen+ SH+5}
   (You found it in a Gauntlet)

   [amulet of reflection]

   It reflects blocked missile attacks.
   Regen:     It increases your rate of health regeneration.
   SH:        It affects your SH (+5).
 f - a ring of wizardry
 u - a ring of protection from cold
 x - a +6 ring of strength (right hand)
 y - a ring of poison resistance
 z - a +6 ring of dexterity
 A - an amulet of regeneration
 M - the ring "Rausm" (left hand) {Drain rElec rPois rF+ rC++}
   (You bought it in a shop on level 1 of the Dungeon)

   [ring of poison resistance]

   rF:        It protects you from fire.
   rC:        It greatly protects you from cold.
   rElec:     It insulates you from electricity.
   rPois:     It protects you from poison.
   Drain:     It drains your maximum health when unequipped.
 U - the amulet of the Air {Inacc Air Fly rElec RMsl}
   (You found it in a Gauntlet)

   [amulet of nothing]

   It reduces the accuracy of all your attacks.
   It enhances your air magic.
   rElec:     It insulates you from electricity.
   Fly:       It grants you flight.
   RMsl:      It protects you from missiles.
 W - the amulet "Xufoes" {Acrobat rCorr}
   (You found it in a Gauntlet)

   [amulet of the acrobat]

   It increases your evasion while moving and waiting.
   rCorr:     It protects you from acid and corrosion.
Wands
 c - a wand of iceblast (11)
 B - a wand of charming (15)
 N - a wand of acid (8)
Scrolls
 g - 2 scrolls of amnesia
 s - 2 scrolls of identify
 t - a scroll of vulnerability
 v - a scroll of fear
 D - a scroll of fog
 F - a scroll of magic mapping
 H - a scroll of enchant weapon
 J - a scroll of blinking
Potions
 d - a potion of mutation
 i - 4 potions of invisibility
 k - 3 potions of curing
 l - 2 potions of flight
 m - 2 potions of attraction {unknown}
 n - a potion of ambrosia
 p - a potion of cancellation
 q - 2 potions of might
 r - 2 potions of haste
 E - a potion of lignification
 K - a potion of berserk rage
Miscellaneous
 L - a condenser vane


   Skills:
 + Level 12.1 Fighting
 - Level 10.5(10.8) Axes
 * Level 3.9(7.8) Maces & Flails
 + Level 9.2 Armour
 - Level 8.4 Dodging
 - Level 12.5 Invocations


You had 12 spell levels left.
You didn't know any spells.
Your spell library contained the following spells:

 Spells                   Type           Power      Damage    Failure   Level
 Animate Skeleton         Necr           0%         N/A       95%         1
 Foxfire                  Conj/Fire      0%         2x1d4     95%         1
 Pain                     Necr           0%         1d4       95%         1
 Slow                     Hex            0%         N/A       95%         1
 Sting                    Tmut/Pois      0%         1d3       95%         1
 Poisonous Vapours        Pois/Air       0%         N/A       99%         2
 Scorch                   Fire           0%         2d5       99%         2
 Static Discharge         Conj/Air       0%         N/A       99%         2
 Sublimation of Blood     Necr           0%         N/A       99%         2
 Wereblood                Tmut           0%         N/A       99%         2
 Call Canine Familiar     Summ           0%         N/A       100%        3
 Confusing Touch          Hex            0%         N/A       100%        3
 Conjure Flame            Conj/Fire      0%         6-21      100%        3
 Inner Flame              Hex/Fire       0%         N/A       100%        3
 Portal Projectile        Hex/Tloc       0%         N/A       100%        3
 Vampiric Draining        Necr           0%         2d6       100%        3
 Dispel Undead            Necr           0%         3d6       100%        4
 Flame Wave               Conj/Fire      0%         2d4       100%        4
 Leda's Liquefaction      Hex/Erth       0%         N/A       100%        4
 Olgreb's Toxic Radiance  Pois           0%         N/A       100%        4
 Sticky Flame             Conj/Fire      0%         2d3       100%        4
 Alistair's Intoxication  Tmut/Pois      0%         N/A       100%        5
 Borgnjor's Vile Clutch   Necr/Erth      0%         N/A       100%        5
 Yara's Violent Unravell  Hex/Tmut       0%         3d3       100%        5
 Eringya's Noxious Bog    Tmut/Pois      0%         N/A       100%        6
 Summon Cactus Giant      Summ           0%         N/A       100%        6
 Summon Hydra             Summ           0%         N/A       100%        7


Dungeon Overview and Level Annotations

Branches:
Dungeon (15/15)            Temple (0/1) D:5            Lair (1/6) D:9
    Orc (2/2) D:9             Elf (1/3) Orc:2        Vaults (0/5) D:14
  Sewer (visited)          Bailey (visited)           IceCv (visited)
Gauntlet (visited)
 Depths: D:15

Altars:
Ashenzari
Cheibriados
Hepliaklqana
Kikubaaqudgha
Makhleb
Nemelex Xobeh
Ru
Vehumet
Xom
Yredelemnul
Beogh

Shops:
D:1 =   D:2 =   D:4 **   D:7 (   D:9 (   D:11 *   Orc:2 [![=:

Annotations:
D:2 1 runed translucent door, Crazy Yiuf
D:12 Jorgrun
Orc:2 corrupted
Elf:1 Frances
Abyss:1 Duvessa, Joseph, Pikel


Innate Abilities, Weirdness & Mutations

A weak demonic guardian rushes to your aid.
You are partially covered in sharp spines.
When seriously injured, your blood forms armour. (AC +6)
You have a tail ending in a sharp stinger.
You are somewhat resistant to further mutation.
You occasionally shout uncontrollably at your foes.
You are weak. (Str -2)


Message History

Your quasit disappears in a puff of smoke!
There is an open door here.
The +6 flail of holy wrath is struck by your spines.
The +6 flail of holy wrath hits you but does no damage.
The +6 flail of holy wrath is struck by your spines.
The +6 flail of holy wrath hits you but does no damage.
The +6 flail of holy wrath barely misses you.
The +6 flail of holy wrath hits you.
* * * LOW HITPOINT WARNING * * *
You convulse.
* * * LOW HITPOINT WARNING * * *
The +6 flail of holy wrath hits you but does no damage.
There is an open door here.
The +6 flail of holy wrath is struck by your spines.
The +6 flail of holy wrath hits you.
* * * LOW HITPOINT WARNING * * *
You convulse.
* * * LOW HITPOINT WARNING * * *
You fade into invisibility!
The +6 flail of holy wrath is struck by your spines.
The +6 flail of holy wrath hits you but does no damage.
A +6 flail of holy wrath is nearby!
You hit the +6 flail of holy wrath but do no damage.
You tail-slap the +6 flail of holy wrath.
The +6 flail of holy wrath is almost destroyed.
You block the +6 flail of holy wrath's attack. x2
The +6 flail of holy wrath is struck by your spines.
The +6 flail of holy wrath barely misses you.
You hit the +6 flail of holy wrath.
Your tail-slap misses the +6 flail of holy wrath.
The +6 flail of holy wrath is almost destroyed.
You block the +6 flail of holy wrath's attack.
The +6 flail of holy wrath hits you!
* * * LOW HITPOINT WARNING * * *
You convulse.
* * * LOW HITPOINT WARNING * * *
The +6 flail of holy wrath hits you!
* * * LOW HITPOINT WARNING * * *
You convulse!
You die...

.# ..#. . .# ... ....... ...
#?.... .# #.# #...#. ..# [.... (#
####..# #.... #.# .... .# ##....#
#... #.# ... .####....## #..# #.#
.. ...)'.....## #..# #.# #+##.
#####.>....####..######.#####.##.
#.......'..(@..........##.##.
#.......###.#######........'.
##......# #.# ##########.
##.....# #.# ## #......# #.# #
#.......# #.# #.......# #.#
#.......+ ...


You could see a +6 flail of holy wrath.

Vanquished Creatures
  A minotaur (Gauntlet)
  2 hydras
  A boulder beetle (D:14)
  2 two-headed ogres
  A dancing weapon (Elf:1)
  2 tengu warriors (D:14)
  A bog body (IceCv)
  A deep elf pyromancer (Elf:1)
  2 deep elf zephyrmancers (Elf:1)
  8 ugly things
  3 orc sorcerers (Orc:2)
  2 cyclopes (D:13)
  2 ice statues (IceCv)
  A gargoyle (D:13)
  An unseen horror (D:10)
  Psyche (D:9)
  A hellion (Gauntlet)
  4 kobold demonologists
  4 ice devils (IceCv)
  2 anaconda simulacra (IceCv)
  An entropy weaver simulacrum (IceCv)
  2 meliai (D:13)
  4 trolls
  A raiju (Gauntlet)
  A blink frog (shapeshifter) (D:13)
  A dire elephant simulacrum (IceCv)
  An air elemental (Elf:1)
  2 wyverns
  A vampire (D:12)
  A shadow (D:13)
  10 yaks
  2 wraiths
  A fire elemental (Elf:1)
  A death yak simulacrum (IceCv)
  A swamp worm (D:7)
  2 vampire mosquitoes (D:13)
  4 harpy simulacra (IceCv)
  6 wargs
  A hell hound (Gauntlet)
  An ice beast (D:4)
  A black bear (D:4)
  11 orc warriors
  A necrophage (D:7)
  3 ogres (Orc:2)
  A centaur (D:7)
  A lemure (D:3)
  6 kobold brigands
  4 bullfrogs
  2 gnoll sergeants (D:8)
  3 scorpions
  A cane toad simulacrum (IceCv)
  Dowan (D:7)
  3 wights (D:7)
  7 killer bees
  6 howler monkeys
  2 hounds
  4 centaur zombies
  8 orc priests
  Jessica (D:3)
  A scorpion zombie (D:3)
  3 iguanas
  20 orc wizards
  2 lightning spires (Gauntlet)
  A troll simulacrum (IceCv)
  A hell rat (D:9)
  2 killer bee zombies (D:8)
  A wolf simulacrum (IceCv)
  A hound skeleton (D:4)
  A howler monkey zombie (D:3)
  15 adders
  17 gnolls
  A howler monkey skeleton (D:6)
  A naga simulacrum (IceCv)
  7 river rats
  A shadow imp (D:6)
  18 white imps
  3 ufetubi
  An adder zombie (D:3)
  A worm (D:3)
  A dart slug (D:1)
  45 orcs
  5 endoplasms
  2 giant cockroaches
  11 goblins
  6 hobgoblins (Bailey)
  50 kobolds
  4 quokkas
  15 ball pythons
  4 bats
  4 frilled lizards
  27 rats
424 creatures vanquished.

Vanquished Creatures (collateral kills)
  A necromancer (IceCv)
  A cyclops (D:13)
  A dire elephant simulacrum (IceCv)
  A harpy simulacrum (IceCv)
  A starspawn tentacle (Orc:2)
5 creatures vanquished.

Vanquished Creatures (others)
  A dire elephant (Gauntlet)
  An ogre mage (Orc:2)
  A thrashing horror (Gauntlet)
  2 glowing orange brains (Gauntlet)
  An ugly thing (Gauntlet)
  7 orc sorcerers (Orc:2)
  An elephant (Gauntlet)
  A hellion (Gauntlet)
  A hell hound (Gauntlet)
  3 orc warriors (Orc:2)
  2 small abominations (Gauntlet)
  2 orc priests (Orc:2)
  8 orc wizards (Orc:2)
  6 orcs (Orc:2)
  6 foxfires (Gauntlet)
  5 fungi
  17 plants
  39 starspawn tentacles
  A withered plant (D:8)
105 creatures vanquished.

Grand Total: 534 creatures vanquished

Notes
Turn   | Place    | Note
-------+----------+-------------------------------------------
     0 | Abyss:1  | ChaosChampion the Demonspawn Abyssal Knight began the quest
                  | for the Orb.
     0 | Abyss:1  | Reached XP level 1. HP: 18/18 MP: 2/2
    47 | Abyss:1  | Noticed a ynoxinul
    59 | Abyss:2  | Found a corrupted altar of Lugonu.
    85 | Abyss:2  | Noticed a small abomination
   109 | Abyss:3  | Found a broken altar of Ashenzari.
   125 | Abyss:4  | Noticed an iron giant simulacrum
   138 | Abyss:4  | Noticed an ancient zyme
   163 | Abyss:4  | Noticed a flying skull
   165 | Abyss:4  | Noticed a small abomination
   165 | Abyss:4  | Noticed a small abomination
   168 | D:1      | Escaped the Abyss
   484 | D:1      | Reached skill level 1 in Dodging
   695 | D:1      | Found a faded altar of an unknown god.
   755 | D:1      | Gained mutation: You are partially covered in sharp spines.
                  | [demonic ancestry]
   755 | D:1      | Reached XP level 2. HP: 21/24 MP: 4/4
  1097 | D:1      | Found Oliabeje's Jewellery Boutique.
  1476 | D:2      | Found Fuoseymeo's Jewellery Shoppe.
  1696 | D:1      | Reached XP level 3. HP: 2/29 MP: 5/5
  2560 | D:2      | Reached * piety under Lugonu
  2561 | D:2      | Gained mutation: You have a small tail. [demonic ancestry]
  2561 | D:2      | Reached XP level 4. HP: 30/36 MP: 6/6
  2805 | D:2      | Found a runed translucent door.
  2806 | D:2      | Noticed Crazy Yiuf
  3726 | D:3      | Noticed Jessica
  3738 | D:3      | Killed Jessica
  3739 | D:3      | Reached XP level 5. HP: 26/42 MP: 6/8
  3783 | D:3      | Found a faded altar of an unknown god.
  3788 | D:3      | Found a shimmering altar of Xom.
  3963 | D:3      | Found a glowing drain.
  3982 | Sewer    | Entered a sewer
  4073 | Sewer    | Reached ** piety under Lugonu
  4913 | D:3      | Reached *** piety under Lugonu
  5047 | D:3      | Reached XP level 6. HP: 37/49 MP: 9/9
  5235 | D:3      | Found a basalt altar of Yredelemnul.
  5309 | D:3      | Reached skill level 5 in Invocations
  5494 | D:3      | Found a sparkling altar of Nemelex Xobeh.
  5697 | D:4      | Found Nibri's Specific Store.
  5699 | D:4      | Found Xavay's General Store.
  5788 | D:4      | Found a snail-covered altar of Cheibriados.
  5789 | D:4      | Found a burning altar of Makhleb.
  5789 | D:4      | Found a sacrificial altar of Ru.
  5790 | D:4      | Found a broken altar of Ashenzari.
  5818 | D:4      | Noticed Pikel
  6215 | D:3      | Banished Pikel
  6216 | D:3      | Reached skill level 5 in Fighting
  6216 | D:3      | Gained mutation: You have a tail ending in a sharp stinger.
                  | [demonic ancestry]
  6216 | D:3      | Reached XP level 7. HP: 17/57 MP: 5/12
  7141 | D:4      | Reached skill level 5 in Axes
  7272 | D:5      | Entered Level 5 of the Dungeon
  7284 | D:4      | Reached XP level 8. HP: 42/64 MP: 13/13
  7625 | D:5      | You fall into a shaft and drop 1 floor!
  7750 | D:5      | Found a staircase to the Ecumenical Temple.
  7872 | D:5      | Noticed a troll
  8089 | D:5      | Banished a troll
  8528 | D:6      | Reached XP level 9. HP: 56/72 MP: 15/15
 10371 | D:7      | Noticed Dowan
 10371 | D:7      | Noticed Duvessa
 10378 | D:7      | Killed Dowan
 10399 | D:7      | Banished Duvessa
 10920 | D:7      | Found Mexy's Antique Weapon Boutique.
 10974 | D:7      | Found a hazy altar of Hepliaklqana.
 11621 | D:8      | Reached skill level 10 in Invocations
 11733 | D:8      | Reached **** piety under Lugonu
 11943 | D:8      | Found an ancient bone altar of Kikubaaqudgha.
 12154 | D:9      | Noticed Joseph
 12154 | D:9      | Found a staircase to the Orcish Mines.
 12155 | D:9      | Banished Joseph
 12156 | D:9      | Reached XP level 10. HP: 80/80 MP: 12/17
 12211 | D:9      | Noticed a two-headed ogre
 12430 | D:8      | Banished a two-headed ogre
 12927 | D:9      | Noticed a two-headed ogre
 12939 | D:9      | Killed a two-headed ogre
 13236 | D:9      | Found Duhob's Antique Weapon Shop.
 13258 | D:9      | Noticed Psyche
 13736 | D:9      | Killed Psyche
 13737 | D:9      | Reached skill level 5 in Armour
 13801 | D:9      | Noticed a death yak
 13964 | D:9      | Found a staircase to the Lair.
 13965 | D:9      | Noticed a death yak
 13966 | D:9      | Noticed a death yak
 14064 | Orc:1    | Entered Level 1 of the Orcish Mines
 14538 | D:1      | Bought the ring "Rausm" {Drain rElec rPois rF+ rC++} for
                  | 634 gold pieces
 14693 | Lair:1   | Entered Level 1 of the Lair of Beasts
 14741 | Lair:1   | Reached skill level 5 in Dodging
 14804 | Lair:1   | Noticed a cane toad
 14832 | Lair:1   | Banished a cane toad
 14916 | D:10     | Entered Level 10 of the Dungeon
 14985 | D:10     | Noticed a rust devil
 15133 | D:10     | Noticed a smoke demon
 15139 | D:10     | Gained mutation: A weak demonic guardian rushes to your
                  | aid. [demonic ancestry]
 15139 | D:10     | Reached XP level 11. HP: 34/89 MP: 19/19
 15161 | D:10     | Noticed a sun demon
 15257 | D:11     | Found a flagged portal.
 15290 | Bailey   | Entered a bailey
 15684 | D:11     | Noticed a two-headed ogre
 15743 | D:11     | Killed a two-headed ogre
 15793 | D:11     | Found Hawimpato's Overcharged Wands.
 16034 | D:11     | Reached ***** piety under Lugonu
 16467 | D:10     | Noticed a boulder beetle
 16490 | D:10     | Banished a boulder beetle
 16547 | D:10     | Reached skill level 10 in Fighting
 16973 | D:12     | Noticed a green ugly thing
 16984 | D:12     | Killed a green ugly thing
 17000 | D:12     | Found a gate leading to a gauntlet.
 17027 | D:12     | Noticed Jorgrun
 17060 | D:12     | Noticed an eight-headed hydra
 17307 | Gauntlet | Entered a Gauntlet
 17307 | Gauntlet | Found a transporter.
 17317 | Gauntlet | Noticed a thrashing horror
 17358 | Gauntlet | Found a transporter.
 17415 | Gauntlet | Found a transporter.
 17418 | Gauntlet | Found a transporter.
 17419 | Gauntlet | Found a transporter.
 17421 | Gauntlet | Noticed a glowing orange brain
 17422 | Gauntlet | Found a transporter.
 17427 | Gauntlet | Noticed a glowing orange brain
 17429 | Gauntlet | Found a transporter.
 17429 | Gauntlet | Found a transporter.
 17429 | Gauntlet | Noticed a red ugly thing
 17447 | Gauntlet | Found a transporter.
 17468 | Gauntlet | Found a transporter.
 17468 | Gauntlet | Found a transporter.
 17469 | Gauntlet | Found a runed translucent door.
 17472 | Gauntlet | Found the amulet of the Air {Inacc Air Fly rElec RMsl}
 17479 | Gauntlet | Found a transporter.
 17527 | Gauntlet | Noticed a dire elephant
 17616 | Gauntlet | Corrupted Gauntlet
 17616 | Gauntlet | Noticed a tentacled starspawn
 17616 | Gauntlet | Noticed a large abomination
 17616 | Gauntlet | Noticed a starcursed mass
 17621 | Gauntlet | Noticed a tentacled starspawn
 17626 | Gauntlet | Killed a glowing orange brain
 17629 | Gauntlet | Noticed a thrashing horror
 17630 | Gauntlet | Killed a dire elephant
 17641 | Gauntlet | Killed a glowing orange brain
 17646 | Gauntlet | Killed a red ugly thing
 17648 | Gauntlet | Killed a thrashing horror
 17658 | Gauntlet | Noticed a large abomination
 17676 | Gauntlet | Identified the +5 pair of gloves of Narcissism {rElec Will-
                  | MP-9 Stlth+}
 17711 | Gauntlet | Identified the +2 hat of the End {-Cast rC+ rN+}
 17734 | Gauntlet | Noticed a starcursed mass
 17902 | Gauntlet | Identified the amulet "Xufoes" {Acrobat rCorr}
 18163 | Gauntlet | Noticed a minotaur
 18218 | Gauntlet | Killed a minotaur
 18370 | Gauntlet | Identified the amulet of Ashenzari's Respect {Reflect
                  | Regen+ SH+5}
 18675 | D:12     | Gained mutation: You are agile. (Dex +2) [potion of
                  | mutation]
 18675 | D:12     | Lost mutation: You are agile. (Dex +2) [potion of mutation]
 18675 | D:12     | Gained mutation: You expend magic power (3 MP) to
                  | strengthen your wands. [potion of mutation]
 18675 | D:12     | Gained mutation: Your mind is acute. (Int +2) [potion of
                  | mutation]
 18676 | D:12     | Lost mutation: Your mind is acute. (Int +2) [potion of
                  | mutation]
 18676 | D:12     | Lost mutation: You expend magic power (3 MP) to strengthen
                  | your wands. [potion of mutation]
 18676 | D:12     | Gained mutation: Your system is resistant to poisons.
                  | (rPois) [potion of mutation]
 18677 | D:12     | Lost mutation: Your system is resistant to poisons. (rPois)
                  | [potion of mutation]
 18677 | D:12     | Gained mutation: You are somewhat resistant to further
                  | mutation. [potion of mutation]
 18744 | D:13     | Gained mutation: When seriously injured, your blood forms
                  | armour. (AC +6) [demonic ancestry]
 18744 | D:13     | Reached XP level 12. HP: 91/98 MP: 12/21
 18823 | D:13     | Noticed an eight-headed hydra
 18839 | D:13     | Killed an eight-headed hydra
 18911 | D:13     | Found a frozen archway.
 18947 | IceCv    | Entered an ice cave
 20835 | D:13     | Noticed a four-headed hydra
 20843 | D:13     | Reached skill level 10 in Axes
 20857 | D:13     | Banished a four-headed hydra
 21587 | D:14     | Noticed a boulder beetle
 21646 | D:14     | Noticed a tengu warrior
 21646 | D:14     | Noticed a tengu warrior
 21749 | D:14     | Noticed a four-headed hydra
 21757 | D:14     | Killed a four-headed hydra
 21758 | D:14     | Reached XP level 13. HP: 67/106 MP: 13/22
 21820 | D:15     | Entered Level 15 of the Dungeon
 22102 | D:14     | Reached skill level 1 in Maces & Flails
 22183 | D:14     | Noticed an ironbound preserver
 22184 | D:14     | Found a gate to the Vaults.
 22552 | Orc:2    | Entered Level 2 of the Orcish Mines
 22868 | Orc:2    | Found Wufeit's Self-Improvement Boutique.
 22995 | Orc:2    | Gained mutation: You occasionally shout uncontrollably at
                  | your foes. [a neqoxec]
 23209 | Orc:2    | Paralysed by an orc sorcerer for 3 turns
 23216 | Orc:2    | Paralysed by an orc sorcerer for 3 turns
 23259 | Orc:2    | Found Domareig's Distillery.
 23262 | Orc:2    | Paralysed by an orc sorcerer for 7 turns
 23277 | Orc:2    | Paralysed by an orc sorcerer for 7 turns
 23284 | Orc:2    | Corrupted Orc:2
 23284 | Orc:2    | Noticed a tentacled starspawn
 23284 | Orc:2    | Noticed a tentacled starspawn
 23284 | Orc:2    | Noticed a bone dragon
 23284 | Orc:2    | Noticed a tentacled starspawn
 23284 | Orc:2    | Noticed a tentacled starspawn
 23286 | Orc:2    | Gained mutation: You are weak. (Str -2) [a neqoxec]
 23289 | Orc:2    | Paralysed by an orc sorcerer for 7 turns
 23290 | Orc:2    | Noticed a starcursed mass
 23302 | Orc:2    | Noticed a bone dragon
 23387 | Orc:2    | Noticed a tentacled starspawn
 23396 | Orc:2    | Found a radiant altar of Vehumet.
 23406 | Orc:2    | Noticed a tentacled starspawn
 23420 | Orc:2    | Paralysed by an orc sorcerer for 6 turns
 23439 | Orc:2    | Found Racosk's Antique Armour Shop.
 23450 | Orc:2    | Found Icluguu's Antique Armour Shop.
 23574 | Orc:2    | Found Cicheb's Jewellery Shop.
 23594 | Orc:2    | Found an ancient bone altar of Kikubaaqudgha.
 23884 | Orc:2    | Found a staircase to the Elven Halls.
 23894 | Elf:1    | Entered Level 1 of the Elven Halls
 24018 | Elf:1    | Paralysed by an air elemental for 1 turns
 24173 | Elf:1    | Noticed Frances
 24201 | Elf:1    | HP: 2/108 [+6 flail of holy wrath (8)]
 24201 | Elf:1    | Mangled by a +6 flail of holy wrath

Illustrated notes

Levels and vault maps discovered:
D:1:      mrwooster_arrival_statue, layout_loops_corners, serial_shops,
          nicolae_shop_hallway_stairs, chequers_ecumenical_altar_island
D:2:      layout_basic, serial_shops, shop, kennysheep_generic_room_14,
          uniq_crazy_yiuf_cottage
D:3:      layout_basic, nicolae_overflow_ecumenical_swirl,
          lemuel_zombie_altar_yredelemnul, mainiacjoe_overflow_small_starburst,
          gup_sewer_entry_bubbles, uniq_jessica
D:4:      layout_gridville, chequers_temple_overflow_statue_of_worship,
          nicolae_specific_store, uniq_pikel
D:5:      layout_basic, minmay_temple_entry_drinking_statues,
          grunt_ministairs_11
D:6:      layout_basic
D:7:      layout_rooms, nicolae_overflow_crystal_walls, serial_shops,
          shop_statue, worms_lemuel, uniq_duvessa
D:8:      layout_loops_ring, kiku_gazebo_garden_becter
D:9:      statuecave_lemuel, layout_cave_pools, dpeg_lair_monsters,
          minmay_orc_entry_guard_dogs, minmay_shop_grid_forest,
          kennysheep_generic_room_4, uniq_joseph, uniq_psyche
D:10:     layout_small_grid
D:11:     layout_loops_ring, enter_bailey_5, nicolae_shop_overcharged_wands
D:12:     layout_small_grid, gauntlet_entry_generic, uniq_jorgrun
D:13:     minmay_angry_zag, layout_gridville, portal_ice_cave_entry_imps
D:14:     layout_basic, skrybe_vaults_entry_preservation
D:15:     grunt_enter_depths_hoard, layout_irregular_city, serial_shops,
          nicolae_lakefront_shop, nemelex_altar_shiori
Lair:1:   layout_regular_city, nzn_random_ring, infiniplex_staircase_pool_2,
          grunt_megastairs_5
Orc:1:    layout_diamond_mine
Orc:2:    kennysheep_orc_mage_school, layout_caves, serial_shops,
          nicolae_shop_advertising_works [nicolae_subvault_shop_adworks],
          nicolae_shop_self_help
Elf:1:    layout_gridlike, minmay_elf_annihilation, uniq_frances, uniq_azrael,
          uniq_nikola

Skill      XL: |  1  2  3  4  5  6  7  8  9 10 11 12 13 |
---------------+----------------------------------------+-----
Dodging        | 1 3 5 6 8 |  8.4
Axes           | 2 3 4 5 6 7 8 9 10 | 10.5
Armour         | 2 4 5 6 8 9 |  9.2
Invocations    | 3 4 6 7 9 10 11 12 | 12.5
Fighting       | 4 5 6 7 8 9 10 11 12 | 12.1
Maces & Flails | 3 |  3.9

Action                   |  1- 3 |  4- 6 |  7- 9 | 10-12 | 13-15 || total
-------------------------+-------+-------+-------+-------+-------++-------
Melee: Hand axe          |    59 |   178 |   159 |       |       ||   396
       Tailslap          |       |    21 |    54 |   127 |    37 ||   239
       Flail             |       |       |    97 |   666 |   229 ||   992
       Unarmed           |       |       |       |    19 |       ||    19
Throw: Boomerang         |       |       |       |   172 |       ||   172
Invok: Depart the Abyss  |     1 |       |       |       |       ||     1
       Bend Space        |       |     4 |       |     2 |     1 ||     7
       Banish            |       |     1 |     6 |    13 |     5 ||    25
       Corrupt           |       |       |       |     1 |     1 ||     2
Evoke: Wand              |       |     1 |       |     2 |       ||     3
  Use: Scroll            |       |     5 |     6 |    16 |       ||    27
       Potion            |       |     1 |       |    16 |     1 ||    18
 Stab: Invisible         |       |       |       |     1 |       ||     1
       Sleeping          |       |       |       |     3 |     2 ||     5
Armor: Plate armour      |    45 |    97 |   170 |   347 |       ||   659
       Leather armour    |     1 |       |       |   218 |   149 ||   368
       Skin              |       |       |       |     4 |       ||     4
Dodge: Dodged            |    15 |    27 |    80 |   433 |   124 ||   679
       Repelled          |       |       |       |     8 |     1 ||     9
Block: Buckler           |       |    21 |    52 |    72 |       ||   145
       Kite shield       |       |       |       |   291 |   208 ||   499
       Reflection        |       |       |       |       |     4 ||     4

Table legend: (Time is in decaauts)
 A = Elapsed time spent in this place.
 B = Non-inter-level travel time spent in this place.
 C = Inter-level travel time spent in this place.
 D = Time resting spent in this place.
 E = Time spent auto-exploring this place.
 F = Levels seen in this place.
 G = Mean time per level.
                   A        B        C        D        E       F      G
               +--------+--------+--------+--------+--------+-----+--------+
         Total |  24725 |  24010 |    715 |   7147 |   7849 |  27 |  915.7 |
       Dungeon |  18337 |  17646 |    691 |   5166 |   6750 |  15 | 1222.5 |
          Lair |    137 |    137 |      0 |      0 |     29 |   1 |  137.0 |
  Orcish Mines |   1664 |   1641 |     23 |    402 |    583 |   2 |  832.0 |
   Elven Halls |    320 |    320 |      0 |     46 |     42 |   1 |  320.0 |
         Abyss |    168 |    168 |      0 |      0 |     53 |   4 |   42.0 |
         Sewer |    866 |    866 |      0 |    267 |    159 |   1 |  866.0 |
        Bailey |    450 |    450 |      0 |      0 |      0 |   1 |  450.0 |
      Ice Cave |   1723 |   1723 |      0 |    947 |     72 |   1 | 1723.0 |
      Gauntlet |   1055 |   1055 |      0 |    319 |    160 |   1 | 1055.0 |
               +--------+--------+--------+--------+--------+-----+--------+

Top non-repeatable levels by time:
     D:1: 2477 daAuts
     D:8: 2265 daAuts
     D:6: 1742 daAuts
   IceCv: 1723 daAuts
     D:3: 1591 daAuts
    D:13: 1420 daAuts
     D:2: 1327 daAuts
     D:7: 1239 daAuts
     D:4: 1112 daAuts
     D:5: 1090 daAuts
Gauntlet: 1055 daAuts
     D:9: 1055 daAuts
   Orc:2: 939 daAuts
    D:11: 906 daAuts
    D:10: 880 daAuts
